 Dungeon Crawl Stone Soup version 0.31-a0-662-g684573625c (webtiles) character file.

Game seed: 15273780230902366432

667727 jlumianski the Slayer (level 27, -3/180 (197) HPs)
             Began as a Demonspawn Fighter on Aug 31, 2023.
             Was a High Priest of Qazlal.
             Killed from afar by a black draconian knight (30 damage)
             ... with a bolt of lightning
             ... led by a red draconian scorcher
             ... on level 1 of the Realm of Zot on Sept 2, 2023.
             The game lasted 09:04:52 (78313 turns).

jlumianski the Slayer (Demonspawn Fighter)         Turns: 78313, Time: 09:04:55

HP:   -3/180 (197)  AC: 39    Str: 21 (28) XL:     27
MP:   0/38          EV:  5    Int: 11 (16) God:    Qazlal [*****.]
Gold: 1801          SH: 26    Dex:  6 (16) Spells: 24/26 levels left

rFire   + + +        O - +5 broad axe (venom)
rCold   + . .        D - +5 kite shield {reflect}
rNeg    . . .        j - +4 gold dragon scales
rPois   +            (helmet unavailable)
rElec   .            R - scarf {rC+ rF+}
rCorr   +            e - +3 pair of gauntlets of War {Slay+5}
SInv    +            U - +2 pair of boots
Will    ++...        g - amulet of Rinneesch {+Blink Regen+} Stlth
                     m - +4 ring of slaying
HPRegen 1.30/turn    M - ring of Meimid {rCorr Str+2 Int+5 SInv}
MPRegen 0.52/turn

%: random rage (3%), repel missiles, reflection, guardian spirit
@: protected from physical damage, studying 3 skills, drained
A: antennae 3, molten scales 3, demonic guardian 3, magic shield, magic
regeneration, magic link, black mark, bedeviling, aura of silence, talons 1,
berserk 1, frail 2, cold vulnerability 1
}: 4/15 runes: barnacled, slimy, silver, gossamer
a: Renounce Religion, Evoke Blink, Upheaval, Elemental Force, Disaster Area


You were on level 1 of the Realm of Zot.
You worshipped Qazlal.
Qazlal was extremely pleased with you.
You visited 13 branches of the dungeon, and saw 56 of its levels.
You visited the Abyss 10 times.
You also visited: Trove, Sewer, Ossuary, Ice Cave and Volcano.

You collected 9201 gold pieces.
You spent 7400 gold pieces at shops.

Inventory:

Hand Weapons
 O - a +5 broad axe of venom (weapon)
 X - the +12 dagger of Raun {venom, Will+++ rCorr Str-2 Int+5}
   (You found it on level 5 of the Pits of Slime)

   Str-2:     It affects your strength (-2).
   Int+5:     It affects your intelligence (+5).
   Will+++:   It greatly increases your willpower.
   rCorr:     It protects you from acid and corrosion.
 Y - the +12 hand crossbow "Simnuc Kote" {elec, rElec}
   (You found it on level 3 of the Elven Halls)

   rElec:     It insulates you from electricity.
Missiles
 o - 8 darts of dispersal
 E - 4 throwing nets
 W - 21 atropa-tipped darts
Armour
 e - the +3 pair of gauntlets of War (worn) {Slay+5}
   (You found it on level 1 of the Depths)

   Slay+5:    It affects your accuracy & damage with ranged weapons and melee
   (+5).
 f - a +2 cloak
 j - +4 gold dragon scales (worn)
 D - a +5 kite shield of reflection (worn)
 R - a scarf of resistance (worn)
 U - a +2 pair of boots (worn)
Magical Staves
 p - the staff "Xedwuacs" {Fly rPois Conj}
   (You found it on level 3 of the Elven Halls)

   [staff of conjuration]

   Base accuracy: +5 Base damage: 5 Base attack delay: 1.2 This weapon's minimum
   attack delay (0.6) is reached at skill level 12.
   rPois:     It protects you from poison Fly: It grants you flight.
   Conj:      It increases the power of your Conjurations spells.
   It falls into the 'Staves' category.
   It is a one-handed weapon.
Jewellery
 c - a ring of protection from fire
 g - the amulet of Rinneesch (around neck) {+Blink Regen+}
   (You found it in a treasure trove)

   [amulet of regeneration]

   +Blink:    It lets you blink.
   Regen+:    It increases your rate of health regeneration.
 m - a +4 ring of slaying (left hand)
 H - the ring "Zosawoqi" {rF+ rN++ AC+4 Int-2}
   (You took it off a tengu reaver on level 4 of the Vaults)

   [ring of protection]

   AC+4:      It affects your AC (+4).
   Int-2:     It affects your intelligence (-2).
   rF+:       It protects you from fire.
   rN++:      It greatly protects you from negative energy.
 M - the ring of Meimid (right hand) {rCorr Str+2 Int+5 SInv}
   (You found it on level 3 of the Elven Halls)

   [ring of resist corrosion]

   Str+2:     It affects your strength (+2).
   Int+5:     It affects your intelligence (+5).
   SInv:      It lets you see invisible.
   rCorr:     It protects you from acid and corrosion.
Wands
 t - a wand of mindburst (65)
 J - a wand of acid (18)
 K - a wand of digging (2)
 Q - a wand of iceblast (23)
Scrolls
 h - a scroll of blinking
 i - a scroll of silence
 k - 4 scrolls of revelation
 n - 16 scrolls of teleportation
 u - 4 scrolls of butterflies
 w - 11 scrolls of fear
 x - a scroll of immolation
 G - 7 scrolls of fog
 I - 7 scrolls of poison
Potions
 d - 5 potions of might
 r - 8 potions of cancellation
 s - 9 potions of mutation
 A - 16 potions of curing
 B - 7 potions of resistance
 C - 2 potions of heal wounds
 F - 5 potions of invisibility
 L - 5 potions of berserk rage
 S - 7 potions of haste
Miscellaneous
 a - a phantom mirror
 b - the horn of Geryon
 q - a tin of tremorstones (1/2)
 v - a lightning rod (4/4)


   Skills:
 + Level 26.7 Fighting
 - Level 1.3 Long Blades
 - Level 18.5 Axes
 - Level 1.5 Throwing
 + Level 15.3 Armour
 - Level 4.6 Dodging
 - Level 0.6 Stealth
 + Level 22.5 Shields
 * Level 22.9 Invocations
 * Level 12.3 Evocations
 - Level 15.6 Shapeshifting


You had 24 spell levels left.
You knew the following spells:

 Your Spells              Type           Power      Damage    Failure   Level
a - Wereblood             Tmut           0%         N/A       100%        2

Your spell library contained the following spells:

 Spells                   Type           Power      Damage    Failure   Level
 Apportation              Tloc           0%         N/A       100%        1
 Foxfire                  Conj/Fire      0%         2x1d4     100%        1
 Freeze                   Ice            0%         1d3       100%        1
 Kiss of Death            Conj/Necr      0%         2d5       100%        1
 Magic Dart               Conj           0%         1d3       100%        1
 Necrotise                Necr           0%         1d4       100%        1
 Sandblast                Erth           0%         2d4       100%        1
 Shock                    Conj/Air       0%         1d3       100%        1
 Summon Small Mammal      Summ           0%         N/A       100%        1
 Blink                    Tloc           0%         N/A       100%        2
 Cigotuvi's Dreadful Rot  Necr/Pois/Air  0%         N/A       100%        2
 Lesser Beckoning         Tloc           0%         N/A       100%        2
 Momentum Strike          Conj/Tloc      0%         3d8       100%        2
 Passwall                 Tmut/Erth      0%         N/A       100%        2
 Poisonous Vapours        Pois/Air       0%         N/A       100%        2
 Scorch                   Fire           0%         2d5       100%        2
 Searing Ray              Conj           0%         2d4       100%        2
 Static Discharge         Conj/Air       0%         2-2/arc   100%        2
 Sublimation of Blood     Necr           0%         N/A       100%        2
 Call Canine Familiar     Summ           0%         N/A       100%        3
 Confusing Touch          Hex            0%         N/A       100%        3
 Dazzling Flash           Conj/Hex       0%         N/A       100%        3
 Frozen Ramparts          Ice            0%         1d1       100%        3
 Gell's Gravitas          Tloc           0%         N/A       100%        3
 Hailstorm                Conj/Ice       0%         3d3       100%        3
 Ignite Poison            Fire/Tmut/Pois 0%         N/A       100%        3
 Inner Flame              Hex/Fire       0%         N/A       100%        3
 Mephitic Cloud           Conj/Pois/Air  0%         N/A       100%        3
 Portal Projectile        Hex/Tloc       0%         N/A       100%        3
 Stone Arrow              Conj/Erth      0%         3d7       100%        3
 Summon Guardian Golem    Hex/Summ       0%         N/A       100%        3
 Teleport Other           Tloc           0%         N/A       100%        3
 Tukima's Dance           Hex            0%         N/A       100%        3
 Vampiric Draining        Necr           0%         2d6       100%        3
 Volatile Blastmotes      Fire/Tloc      0%         2d10      100%        3
 Airstrike                Air            0%         2d(0-16)  100%        4
 Anguish                  Hex/Necr       0%         N/A       100%        4
 Animate Armour           Summ/Erth      0%         N/A       100%        4
 Animate Dead             Necr           0%         N/A       100%        4
 Dispel Undead            Necr           0%         3d6       100%        4
 Flame Wave               Conj/Fire      0%         2d4       100%        4
 Fulminant Prism          Conj/Hex       0%         3d5       100%        4
 Iskenderun's Mystic Bla  Conj/Tloc      0%         2d3       100%        4
 Leda's Liquefaction      Hex/Erth       0%         N/A       100%        4
 Manifold Assault         Tloc           0%         N/A       100%        4
 Passage of Golubria      Tloc           0%         N/A       100%        4
 Sticky Flame             Conj/Fire      0%         2d3       100%        4
 Summon Ice Beast         Ice/Summ       0%         N/A       100%        4
 Vhi's Electric Charge    Tloc/Air       0%         N/A       100%        4
 Agony                    Necr           0%         N/A       100%        5
 Arcjolt                  Conj/Air       0%         1d10      100%        5
 Borgnjor's Vile Clutch   Necr/Erth      0%         N/A       100%        5
 Fireball                 Conj/Fire      0%         3d3       100%        5
 Freezing Cloud           Conj/Ice/Air   0%         6-21      100%        5
 Irradiate                Conj/Tmut      0%         3d11      100%        5
 Iskenderun's Battlesphe  Conj           0%         2d6       100%        5
 Lee's Rapid Deconstruct  Erth           0%         3d4*      100%        5
 Silence                  Hex/Air        0%         N/A       100%        5
 Yara's Violent Unravell  Hex/Tmut       0%         3d3       100%        5
 Conjure Ball Lightning   Conj/Air       0%         3x3d6     100%        6
 Death Channel            Necr           0%         N/A       100%        6
 Dispersal                Tloc           0%         N/A       100%        6
 Leda's Unmaking          Conj/Erth      0%         9d1       100%        6
 Simulacrum               Ice/Necr       0%         N/A       100%        6
 Starburst                Conj/Fire      0%         6d3       100%        6
 Summon Cactus Giant      Summ           0%         N/A       100%        6
 Haunt                    Necr/Summ      0%         N/A       100%        7
 Orb of Destruction       Conj           0%         9d5       100%        7
 Ozocubu's Refrigeration  Ice            0%         4d7       100%        7
 Spellforged Servitor     Conj/Summ      0%         N/A       100%        7
 Summon Hydra             Summ           0%         N/A       100%        7
 Borgnjor's Revivificati  Necr           0%         N/A       100%        8
 Disjunction              Tloc           0%         N/A       100%        8
 Ignition                 Fire           0%         3d3       100%        8
 Infestation              Necr           0%         N/A       100%        8
 Lehudib's Crystal Spear  Conj/Erth      0%         10d2      100%        8
 Maxwell's Capacitive Co  Air            0%         ∞         100%        8
 Death's Door             Necr           0%         N/A       100%        9
 Polar Vortex             Ice            0%         N/A       100%        9


Dungeon Overview and Level Annotations

Branches:
Dungeon (15/15)            Temple (1/1) D:4            Lair (5/5) D:11
 Shoals (4/4) Lair:3       Spider (4/4) Lair:2        Slime (5/5) Lair:5
    Orc (2/2) D:10            Elf (3/3) Orc:2        Vaults (5/5) D:14
  Crypt (0/3) Vaults:3     Depths (4/4) D:15           Hell (visited)
    Dis (0/7) Hell            Geh (5/7) Hell            Coc (0/7) Hell
    Tar (0/7) Hell            Zot (2/5) Depths:4      Sewer (visited)
Ossuary (visited)           IceCv (visited)         Volcano (visited)

Altars:
Ashenzari
Cheibriados
Dithmenos
Fedhas
Gozag
Hepliaklqana
Kikubaaqudgha
Makhleb
Nemelex Xobeh
Okawaru
Qazlal
Ru
Sif Muna
Trog
Uskayaw
Vehumet
Wu Jian
Xom
Yredelemnul
Jiyva

Shops:
D:3 *   D:7 (   Orc:1 ?   Orc:2 (*:*   Elf:1 :   Elf:2 [!?   Vaults:1 (
Vaults:2 =   Vaults:3 !   Vaults:5 !!?!!

Portals:
Hell: Depths:1 Depths:2 Depths:3 Depths:4
Abyss: Depths:2 Depths:3 Depths:4
Pandemonium: Depths:2 Depths:3
Ziggurat: Depths:2


Innate Abilities, Weirdness & Mutations

You have a pair of large antennae on your head. (SInv)
You are completely covered in molten scales. (AC +4, rF+)
A powerful demonic guardian rushes to your aid.
When hurt, damage is shared between your health and your magic reserves.
You regenerate magic rapidly.
When low on magic, you restore magic in place of health.
Your melee attacks may debilitate your foes.
Your hexes are more powerful.
You are surrounded by an aura of silence.
You have sharp toenails.
You sometimes lose your temper in combat.
You are very frail. (-20% HP)
You are vulnerable to cold. (rC-)


Message History

You block the black draconian knight's attack.
The red draconian scorcher points at you and mumbles some strange words.
The sphere of damnation explodes!
The damnation engulfs you!!
The damnation engulfs the black draconian knight!!
You climb upwards.
There is a stone staircase leading down here.
You barely miss the black draconian knight.
The black draconian knight is moderately wounded.
The black draconian knight hits you with a +0 war axe!
* * * LOW HITPOINT WARNING * * *
Your resistance to cold fades away.
You feel protected from physical attacks.
You hit the black draconian knight.
The black draconian knight is poisoned.
The black draconian knight is moderately wounded.
You barely miss the black draconian knight.
The black draconian knight is moderately wounded.
The black draconian knight hits you but does no damage.
You hit the black draconian knight but do no damage.
The black draconian knight looks as sick as possible!
The black draconian knight is moderately wounded.
The black draconian knight hits you but does no damage.
You hit the black draconian knight.
The black draconian knight is moderately wounded.
The black draconian knight hits you with a +0 war axe.
* * * LOW HITPOINT WARNING * * *
You slice the black draconian knight!!
The black draconian knight looks as sick as possible!
The black draconian knight is heavily wounded.
You slash the black draconian knight!
The black draconian knight looks as sick as possible!
The black draconian knight is severely wounded.
You block the black draconian knight's attack.
You slash the black draconian knight!
The black draconian knight looks as sick as possible!
The black draconian knight is almost dead.
The black draconian knight breathes lightning at you.
The bolt of lightning hits you!!
* * * LOW HITPOINT WARNING * * *
A demonic guardian appears!
The bolt of lightning hits you!!!
You die...

..........###.........#...###....
.........####............###.....
........####.........#..#.######.
.......## #.........#####.##.# ##
..⌠...######..##..### ###..###.
......###.#........## ##...##..
.....###......§..☼..# ##...##...
#...###.>.....○§1...# #...##...#
#.....#...#...☼§@..## #..##...##
..........#....q..°## ####.##.###
..................○.###...##.....
....................#......#.#.#.
..........#........##....###.8.##
..........##..##..###..#####...##
.........###..###.##.#####.......
........####.###.##.## ##........
.......###.#..#.##.## ##.........


You could see a black draconian knight (invisible, extremely poisoned, catching
breath, ally target) and a friendly Executioner (summoned, unsilenced).

Vanquished Creatures
  the Royal Jelly (Slime:5)
  2 dread liches
  An orb of fire (Zot:1)
  An ancient lich (Vaults:4)
  2 juggernauts (Hell)
  Saint Roka (Depths:2)
  6 golden dragons
  6 bone dragons
  3 Brimstone Fiends
  2 doom hounds (Depths:3)
  10 tentacled monstrosities
  A hellephant (Geh:4)
  2 iron giants
  4 tainted leviathans (Geh:2)
  A walking frostbound tome (Depths:3)
  A Hell Sentinel (Abyss:2)
  3 deep elf blademasters
  6 liches
  4 searing wretches
  9 titans
  A quicksilver dragon (Depths:3)
  Murray (Depths:2)
  27 acid blobs
  9 sphinxes
  4 walking divine tomes (Depths:3)
  2 death cobs
  5 krakens
  An Executioner (Abyss:3)
  3 ancient champions
  Kirke (D:15)
  Polyphemus (Shoals:4)
  15 tentacled starspawn
  7 tengu reavers
  2 storm dragons
  Aizul (Shoals:3)
  4 shadow dragons
  15 rockslimes
  2 daevas
  A draconian monk (Abyss:2)
  4 emperor scorpions
  21 frost giants
  11 balrugs
  3 iron dragons
  24 azure jellies
  5 deep elf elementalists (Elf:3)
  10 fire giants
  A caustic shrike zombie (Abyss:2)
  Louise (D:14)
  3 orc warlords
  5 ghost moths
  11 vault wardens
  14 deep elf sorcerers
  A draconian stormcaller (Zot:1)
  A ghoul (Vaults:3)
  4 cacodemons
  7 reapers
  16 quicksilver oozes
  4 broodmothers
  20 ironbound preservers
  19 stone giants
  4 war gargoyles
  15 very ugly things
  5 formless jellyfish
  6 deep elf demonologists
  7 ironbound thunderhulks
  2 lorocyprocas
  The ghost of avis the Spry, a journeyman FeSu of Gozag (Spider:1)
  A yellow draconian (Zot:1)
  A black draconian (Depths:4)
  7 deep elf annihilators
  2 vampire knights
  A purple draconian (Zot:1)
  4 spark wasps
  3 red draconians (Depths:4)
  2 minotaurs (Shoals:4)
  8 dire elephants
  Azrael (D:12)
  7 blizzard demons
  2 eidola
  4 white draconians
  A crystal guardian (Vaults:1)
  3 merfolk javelineers
  6 deep elf high priests
  4 deep elf death magi
  Josephine (Orc:2)
  9 merfolk impalers
  3 jiangshi (Depths:3)
  4 fire dragons
  14 ettins
  3 green deaths
  19 great orbs of eyes
  4 entropy weavers
  14 yaktaur captains
  17 ice dragons
  A spriggan zombie (Abyss:3)
  A salamander tyrant (Hell)
  A caustic shrike simulacrum (Hell)
  6 rakshasas
  Erica (D:10)
  Fannar (Lair:2)
  A sphinx zombie (Depths:3)
  A spriggan skeleton (Abyss:3)
  12 centaur warriors
  2 peacekeepers
  26 vault guards
  4 hydras
  9 two-headed ogres
  14 ironbound frosthearts
  4 merfolk avatars
  3 spriggan air magi
  2 jorogumos (Spider:2)
  4 ogre magi
  A radroach (Spider:1)
  10 boulder beetles
  3 merfolk aquamancers
  2 stokers
  4 tengu warriors
  3 catoblepae
  3 deep troll shamans
  2 naga warriors (Abyss:4)
  8 satyrs
  2 death yaks
  A titan zombie (Abyss:4)
  43 hell hogs
  12 deep troll earth magi
  42 dancing weapons
  4 vampire magi
  An orc high priest (Elf:2)
  13 demonic crawlers
  8 hell knights
  24 thrashing horrors
  10 sun demons
  5 spriggan berserkers
  2 soul eaters (Depths:2)
  9 sixfirhies
  A sun moth (Spider:4)
  4 skeletal warriors
  16 deep elf knights
  3 skysharks
  19 wretched stars
  6 pharaoh ants
  14 glowing orange brains
  13 iron trolls
  A shadow wraith (Abyss:3)
  13 orb spiders
  2 spatial maelstroms (Abyss:4)
  A flayed ghost (Depths:2)
  13 sea snakes
  2 orange crystal statues
  27 harpies
  7 deep elf archers
  An obsidian statue (Depths:2)
  60 deep trolls
  19 ironbound convokers
  10 phantasmal warriors
  10 wizards
  5 steelbarb worms
  8 lindwurms
  A tengu zombie (Vaults:1)
  A spriggan simulacrum (Abyss:3)
  26 deep elf zephyrmancers
  A harpy (shapeshifter) (Vaults:4)
  15 wolf spiders
  7 orc knights
  A wolf spider (shapeshifter) (D:15)
  10 shining eyes
  7 necromancers
  4 oklob plants
  12 fauns
  4 orc sorcerers
  37 deep elf pyromancers
  2 tengu skeletons (Vaults:1)
  A stone giant zombie (Vaults:4)
  11 cyclopes
  48 ugly things
  8 worldbinders
  A fire giant zombie (Vaults:4)
  27 manticores
  14 moths of wrath
  A moth of wrath (shapeshifter) (Vaults:4)
  A guardian serpent (shapeshifter) (D:15)
  13 merfolk sirens
  A fire giant skeleton (Vaults:4)
  A frost giant skeleton (Vaults:4)
  8 eyes of devastation
  21 smoke demons
  5 apocalypse crabs
  6 molten gargoyles
  9 water nymphs
  A dire elephant zombie (Abyss:3)
  3 black mambas
  5 rust devils
  7 torpor snails
  2 guardian serpents
  2 orange demons
  4 gargoyles
  2 dire elephant skeletons
  14 cane toads
  11 vault sentinels
  26 yaktaurs
  7 hellions
  3 unseen horrors
  4 kobold demonologists
  10 komodo dragons
  18 rime drakes
  7 efreet
  A tormentor (Depths:2)
  19 ancient zymes
  5 freezing wraiths
  4 ice devils (Depths:2)
  10 trolls
  A harpy zombie (Abyss:3)
  7 tengu conjurers
  3 meliai (Lair:2)
  Grinder (D:6)
  A meliai (shapeshifter) (Vaults:4)
  2 hornets
  9 polar bears
  A queen bee (Lair:3)
  54 large abominations
  39 merfolk
  4 wind drakes
  A harpy skeleton (Abyss:5)
  9 hellwings
  9 snapping turtles
  61 raiju
  An ettin zombie (Abyss:4)
  A deep troll zombie (Vaults:4)
  6 dream sheep
  24 jumping spiders
  28 tarantellas
  12 blink frogs
  A culicivora (shapeshifter) (Elf:2)
  A centaur simulacrum (D:14)
  7 flying skulls (Abyss:2)
  126 slime creatures
  An iron dragon simulacrum (Abyss:4)
  4 shadows
  15 water elementals
  A spriggan (shapeshifter) (Vaults:4)
  18 culicivoras
  4 air elementals
  A spriggan (Depths:2)
  2 vampires
  15 ynoxinuls
  59 yaks
  10 wraiths
  8 wyverns
  40 starcursed masses
  16 neqoxecs
  A human (D:14)
  4 golden eyes
  A yak (shapeshifter) (Abyss:2)
  3 basilisks
  18 vampire mosquitoes
  7 fire bats
  8 fire elementals
  5 hogs (D:15)
  37 redbacks
  11 wargs
  12 chaos spawn
  2 acid dragons
  3 nagas (Abyss:4)
  2 spatial vortices (Abyss:4)
  12 water moccasins
  A floating eye (shapeshifter) (Vaults:5)
  22 hell hounds
  A floating eye (Slime:5)
  10 black bears
  A naga skeleton (Abyss:4)
  23 orc warriors
  2 ice beasts
  A sky beast (Abyss:2)
  5 boggarts (Vaults:1)
  17 ogres
  21 wolves
  26 centaurs
  5 kobold brigands
  38 small abominations
  10 bullfrogs
  2 gnoll sergeants
  A scorpion (D:5)
  9 earth elementals
  7 wights
  5 water moccasin zombies (Ossuary)
  36 killer bees
  3 howler monkeys
  5 crimson imps
  4 hounds
  6 quasits
  A hound (shapeshifter) (Abyss:3)
  2 jellies
  18 orc priests
  A gnoll bouda (D:4)
  3 iron imps
  6 iguanas
  2 sleepcaps
  12 orc wizards
  7 hell rats (Lair:1)
  2 mummies (Ossuary)
  14 gnolls
  9 adders
  19 river rats
  A shadow imp (Abyss:2)
  10 white imps
  9 ufetubi
  2 adder zombies (Ossuary)
  6 worms
  6 dart slugs
  61 orcs
  7 endoplasms
  4 giant cockroaches
  9 goblins
  12 hobgoblins
  9 jackals
  6 quokkas
  9 ball pythons
  9 bats
  7 frilled lizards
  2 gnoll zombies (Ossuary)
  9 hobgoblin zombies (Ossuary)
  21 kobolds
  5 kobold zombies
  6 orc zombies (Ossuary)
  25 rats
  A creeping inferno (Geh:3)
  3 fire vortices
  3 lurking horrors
  2 spectral weapons (Depths:4)
  22 starspawn tentacles
  15 tentacles
2934 creatures vanquished.

Vanquished Creatures (collateral kills)
  Geryon (Hell)
  Nikola (Lair:2)
  A Brimstone Fiend (Geh:5)
  A hellephant (Geh:5)
  A doom hound (Depths:3)
  Rupert (Spider:1)
  A lich (Depths:3)
  A tainted leviathan (Geh:2)
  Grunn (Depths:3)
  2 titans (Geh:2)
  3 acid blobs
  A searing wretch (Geh:3)
  3 tentacled starspawn
  A quicksilver dragon (Vaults:5)
  A shadow dragon (Vaults:5)
  A tengu reaver (Depths:3)
  2 rockslimes
  2 balrugs
  Ilsuiw (Shoals:1)
  2 fire giants
  A vault warden (Vaults:5)
  3 frost giants
  A juggernaut zombie (Depths:3)
  3 emperor scorpions
  An ironbound preserver (Vaults:4)
  A deep elf elementalist (Elf:3)
  A war gargoyle (Hell)
  2 reapers (Hell)
  2 stone giants
  2 spark wasps
  A dire elephant (Vaults:4)
  2 deep elf death magi (Elf:3)
  A fire dragon (Depths:1)
  A great orb of eyes (Slime:1)
  A deep elf high priest (Elf:3)
  A vault guard (Vaults:4)
  2 yaktaur captains
  An ice dragon (Depths:4)
  An alligator snapping turtle (Shoals:3)
  An anaconda (shapeshifter) (Depths:3)
  4 satyrs
  An ironbound frostheart (IceCv)
  3 deep troll earth magi (Depths:1)
  5 two-headed ogres
  A demonic crawler (Spider:2)
  5 hell hogs
  2 soul eaters
  A hell knight (Abyss:4)
  A skyshark (Shoals:3)
  A sun demon (Abyss:4)
  A deep elf knight (Elf:2)
  A storm dragon zombie (Depths:3)
  A pharaoh ant (Spider:3)
  3 sea snakes (Shoals:1)
  2 deep trolls
  A steelbarb worm (Spider:4)
  2 wolf spiders
  2 starcursed masses (Abyss:2)
  A necromancer (Depths:3)
  A deep elf zephyrmancer (Elf:3)
  A faun (Shoals:2)
  An ugly thing (Vaults:4)
  A manticore (Shoals:2)
  Maurice (Orc:1)
  A cyclops (shapeshifter) (Vaults:5)
  A black mamba (Lair:5)
  A vault sentinel (Vaults:5)
  A smoke demon (Abyss:3)
  An orange demon (Abyss:3)
  A tormentor (Geh:3)
  A komodo dragon (Lair:3)
  3 polar bears (Lair:5)
  7 merfolk
  An ancient zyme (Abyss:4)
  2 trolls
  A wind drake (Shoals:3)
  A large abomination (Abyss:4)
  4 raiju
  2 snapping turtles (Shoals:3)
  2 slime creatures (Slime:1)
  2 ynoxinuls
  A culicivora (Spider:2)
  A yak (Lair:4)
  3 small abominations
  A redback (Spider:2)
  Edmund (D:6)
  A hell hound (Lair:5)
  A water moccasin (D:6)
  An orc warrior (Orc:1)
  7 ogres
  2 black bears (Lair:5)
  3 wolves (Lair:5)
  Blork the orc (D:6)
  A gnoll sergeant (D:4)
  5 killer bees (Lair:3)
  A crimson imp (Abyss:3)
  An orc priest (Orc:1)
  A hound (D:5)
  An orc wizard (Orc:2)
  A gnoll (D:5)
  A dart slug (D:5)
  4 orcs (Orc:1)
  An endoplasm (D:4)
  A creeping inferno (Geh:4)
  6 fire vortices (Geh:4)
  4 starspawn tentacles
183 creatures vanquished.

Vanquished Creatures (others)
  A golden dragon (Zot:2)
  A fire dragon (Depths:4)
  A merfolk avatar (Shoals:4)
  A jorogumo (Spider:1)
  A thrashing horror (Abyss:2)
  2 deep elf knights
  2 harpies
  A faun (Shoals:2)
  A smoke demon (Depths:2)
  A hellion (Depths:2)
  An ancient zyme (Abyss:3)
  A polar bear (IceCv)
  A raiju (Abyss:4)
  An air elemental (Elf:1)
  A jumping spider (Spider:1)
  2 chaos spawn (Abyss:4)
  A redback (Spider:3)
  A small abomination (Abyss:4)
  An orc wizard (Depths:2)
  A creeping inferno (Geh:4)
  A fire vortex (Geh:4)
  2 lurking horrors (Abyss:4)
  34 starspawn tentacles
  22 tentacles
82 creatures vanquished.

Grand Total: 3199 creatures vanquished

Notes
Turn   | Place    | Note
-------+----------+-------------------------------------------
     0 | D:1      | jlumianski the Demonspawn Fighter began the quest for the
                  | Orb.
     0 | D:1      | Reached XP level 1. HP: 18/18 MP: 1/1
    90 | D:1      | Gained mutation: You regenerate magic rapidly. [demonic
                  | ancestry]
    90 | D:1      | Reached XP level 2. HP: 24/24 MP: 2/2
   431 | D:1      | Found a faded altar of an unknown god.
   720 | D:1      | Gained mutation: You have a pair of small antennae on your
                  | head. [demonic ancestry]
   720 | D:1      | Reached XP level 3. HP: 15/29 MP: 3/3
  1052 | D:3      | Found Jaopt's General Store.
  1070 | D:3      | Bought a potion of curing for 33 gold pieces
  1240 | D:4      | Found a glowing drain.
  1249 | Sewer    | Entered a sewer
  1273 | Sewer    | Reached XP level 4. HP: 18/35 MP: 4/4
  1444 | Sewer    | Noticed a kobold brigand
  1458 | Sewer    | Killed a kobold brigand
  1459 | Sewer    | Reached XP level 5. HP: 32/42 MP: 5/5
  1514 | Sewer    | Reached skill level 1 in Dodging
  1935 | Sewer    | Gained mutation: You have a pair of antennae on your head.
                  | [demonic ancestry]
  1935 | Sewer    | Reached XP level 6. HP: 32/48 MP: 6/6
  2464 | D:2      | Identified the +3 ring mail "Sirenele" {Int+7}
  2907 | D:2      | Found a shimmering blue altar of Sif Muna.
  3127 | D:3      | Identified the amulet "Yleim" {Faith -Tele *Corrode Dex+8
                  | SInv}
  3441 | D:3      | Found an opulent altar of Gozag.
  3600 | D:3      | Reached skill level 4 in Fighting
  3826 | D:3      | Identified a scroll of acquirement
  3950 | D:5      | Entered Level 5 of the Dungeon
  4026 | D:5      | Found a sand-covered staircase.
  4037 | Ossuary  | Entered an ossuary
  4244 | Ossuary  | Gained mutation: A weak demonic guardian rushes to your
                  | aid. [demonic ancestry]
  4244 | Ossuary  | Reached XP level 7. HP: 44/54 MP: 7/7
  4296 | Ossuary  | Reached skill level 5 in Axes
  4858 | D:4      | Found a staircase to the Ecumenical Temple.
  4868 | Temple   | Entered the Ecumenical Temple
  5681 | D:5      | Gained mutation: You have a pair of large antennae on your
                  | head. (SInv) [demonic ancestry]
  5681 | D:5      | Reached XP level 8. HP: 51/61 MP: 8/8
  6307 | D:6      | Reached skill level 5 in Fighting
  6307 | D:6      | HP: 3/62 [poisoned by a water moccasin]
  6308 | D:6      | HP: 1/62 [poisoned by a water moccasin]
  6624 | D:6      | Noticed Blork the orc
  6641 | D:6      | Killed Blork the orc
  6642 | D:6      | Reached skill level 5 in Armour
  6794 | D:7      | Found Tungit's Antique Weapon Shop.
  6817 | D:7      | Reached skill level 1 in Throwing
  6888 | D:7      | Acquired 672 gold pieces
  6976 | D:6      | Found a radiant altar of Vehumet.
  6976 | D:6      | Noticed Grinder
  6988 | D:6      | Killed Grinder
  7463 | D:6      | Noticed Edmund
  7481 | D:6      | Killed Edmund
  7739 | D:6      | Found a stormy altar of Qazlal.
  7739 | D:6      | Found an ancient bone altar of Kikubaaqudgha.
  7744 | D:6      | Became a worshipper of Qazlal Stormbringer
  7768 | D:6      | Gained mutation: When hurt, damage is shared between your
                  | health and your magic reserves. [demonic ancestry]
  7768 | D:6      | Reached XP level 9. HP: 65/69 MP: 9/9
  7790 | D:6      | Reached skill level 6 in Fighting
  7977 | D:7      | Reached skill level 1 in Invocations
  8393 | D:7      | Noticed a gargoyle
  8407 | D:7      | Killed a gargoyle
  8598 | D:8      | Found a broken altar of Ashenzari.
  8922 | D:10     | Entered Level 10 of the Dungeon
  9142 | D:7      | Reached skill level 7 in Fighting
  9259 | D:8      | Reached * piety under Qazlal
  9263 | D:8      | Reached skill level 5 in Invocations
  9264 | D:8      | Reached skill level 5 in Shields
  9477 | D:8      | Gained mutation: You are partially covered in molten
                  | scales. (AC +2) [demonic ancestry]
  9477 | D:8      | Reached XP level 10. HP: 79/79 MP: 13/13
  9765 | D:10     | Found a large runed translucent door.
  9765 | D:10     | Found a large runed translucent door.
  9905 | D:8      | Found an ornate altar of the Wu Jian Council.
 10310 | D:9      | Noticed a two-headed ogre
 10591 | D:9      | Reached ** piety under Qazlal
 10926 | D:8      | Reached skill level 8 in Fighting
 11237 | D:9      | Found a hazy altar of Hepliaklqana.
 11389 | D:9      | Found a basalt altar of Yredelemnul.
 11854 | D:9      | Reached XP level 11. HP: 86/86 MP: 16/16
 12014 | D:10     | Noticed Erica
 12025 | D:10     | Killed Erica
 12026 | D:10     | Reached skill level 10 in Axes
 12107 | D:10     | Noticed an orc knight
 12117 | D:11     | Noticed a two-headed ogre
 12119 | D:11     | Noticed a boulder beetle
 12134 | D:11     | Killed a two-headed ogre
 12149 | D:11     | Killed a boulder beetle
 12362 | D:10     | Noticed an orange crystal statue
 12411 | D:10     | Paralysed by an air elemental for 1 turns
 12479 | D:10     | Paralysed by an air elemental for 1 turns
 12672 | D:10     | Reached skill level 9 in Fighting
 12951 | D:10     | Found a sparkling altar of Nemelex Xobeh.
 13020 | D:10     | Found a staircase to the Orcish Mines.
 13039 | Orc:1    | Entered Level 1 of the Orcish Mines
 13076 | D:10     | Killed an orc knight
 13177 | D:11     | Noticed a two-headed ogre
 13187 | D:10     | Killed a two-headed ogre
 13369 | D:10     | You fall into a shaft and drop 2 floors!
 13378 | D:13     | Noticed a centaur warrior
 13449 | D:12     | Noticed a purple very ugly thing
 13467 | D:12     | Killed a purple very ugly thing
 13636 | D:12     | Identified the +1 helmet of Refuge {rPois rN++ Will-}
 13775 | D:12     | Noticed a two-headed ogre
 13784 | D:12     | Killed a two-headed ogre
 14075 | D:12     | Gained mutation: You are mostly covered in molten scales.
                  | (AC +3) [demonic ancestry]
 14075 | D:12     | Reached XP level 12. HP: 96/96 MP: 18/18
 14576 | D:13     | Killed a centaur warrior
 14812 | D:13     | Reached *** piety under Qazlal
 15100 | D:13     | Reached skill level 10 in Fighting
 15129 | D:13     | Noticed Azrael
 15180 | D:12     | Killed Azrael
 15404 | D:13     | Noticed a centaur warrior
 15414 | D:13     | Killed a centaur warrior
 15532 | D:13     | Reached skill level 10 in Invocations
 15852 | D:13     | Noticed a centaur warrior
 15861 | D:13     | Killed a centaur warrior
 16536 | D:14     | Noticed a boulder beetle
 16560 | D:14     | Killed a boulder beetle
 16561 | D:14     | Gained mutation: A demonic guardian rushes to your aid.
                  | [demonic ancestry]
 16561 | D:14     | Reached XP level 13. HP: 71/104 MP: 14/20
 17548 | D:11     | Found a snail-covered altar of Cheibriados.
 17592 | D:11     | Found a staircase to the Lair.
 17953 | D:11     | Identified the +3 ring mail "Xangairen" {rC+}
 18466 | Lair:1   | Entered Level 1 of the Lair of Beasts
 18477 | Lair:1   | Reached skill level 11 in Fighting
 18826 | Lair:3   | Found a dark tunnel.
 18838 | Volcano  | Entered a volcano
 19338 | Lair:1   | Found a sparkling altar of Nemelex Xobeh.
 19865 | Lair:2   | Noticed Fannar
 19895 | Lair:2   | Killed Fannar
 19918 | Lair:2   | Found a hole to the Spider Nest.
 20891 | Lair:1   | Reached **** piety under Qazlal
 21537 | Lair:3   | Gained mutation: You are completely covered in molten
                  | scales. (AC +4, rF+) [demonic ancestry]
 21537 | Lair:3   | Reached XP level 14. HP: 111/111 MP: 23/23
 21637 | Lair:3   | Reached skill level 12 in Fighting
 21891 | Lair:3   | Found a staircase to the Shoals.
 22286 | Lair:4   | Reached skill level 10 in Shields
 22442 | Lair:4   | Reached ***** piety under Qazlal
 22864 | Lair:5   | Entered Level 5 of the Lair of Beasts
 23572 | Lair:5   | Reached skill level 1 in Long Blades
 24066 | Lair:5   | Found a runed translucent door.
 24066 | Lair:5   | Found a viscous altar of Jiyva.
 24066 | Lair:5   | Noticed an azure jelly
 24066 | Lair:5   | Noticed an azure jelly
 24117 | Lair:5   | Found a staircase to the Slime Pits.
 24679 | Orc:1    | Noticed Maurice
 24978 | Orc:1    | Killed Maurice
 25011 | Orc:2    | Entered Level 2 of the Orcish Mines
 25014 | Orc:1    | Found Hotauxtyhym's Magic Scroll Boutique.
 25022 | Orc:1    | Bought a scroll of blinking for 90 gold pieces
 25022 | Orc:1    | Bought a scroll of revelation for 90 gold pieces
 25022 | Orc:1    | Bought a scroll of acquirement for 624 gold pieces
 25022 | Orc:1    | Bought a scroll of revelation for 90 gold pieces
 25025 | Orc:1    | Acquired 1194 gold pieces
 25032 | Orc:1    | Bought a scroll of identify for 24 gold pieces
 25032 | Orc:1    | Bought 2 scrolls of identify for 48 gold pieces
 25032 | Orc:1    | Bought a scroll of identify for 24 gold pieces
 25032 | Orc:1    | Bought a scroll of identify for 24 gold pieces
 25568 | Orc:2    | Reached skill level 13 in Fighting
 25573 | Orc:2    | Gained mutation: Your hexes are more powerful. [demonic
                  | ancestry]
 25573 | Orc:2    | Reached XP level 15. HP: 120/123 MP: 15/25
 25582 | Orc:2    | Found a staircase to the Elven Halls.
 25694 | Orc:2    | Found Bohuwk's Assorted Antiques.
 25697 | Orc:2    | Found Roics's Book Emporium.
 25718 | Orc:2    | Found Hucer's Weapon Boutique.
 25721 | Orc:2    | Found Zatup's Assorted Antiques.
 25732 | Orc:2    | Reached ****** piety under Qazlal
 25747 | Orc:2    | Noticed Josephine
 25769 | Orc:2    | Killed Josephine
 25818 | Orc:2    | Bought 2 potions of curing for 102 gold pieces
 25818 | Orc:2    | Bought a scratched coral ring for 85 gold pieces
 25876 | Orc:2    | Bought a glowing cloak for 285 gold pieces
 25876 | Orc:2    | Bought a potion of heal wounds for 190 gold pieces
 25876 | Orc:2    | Bought 2 potions of heal wounds for 380 gold pieces
 26605 | Spider:1 | Entered Level 1 of the Spider Nest
 26888 | Spider:1 | Noticed Nikola
 26954 | Lair:2   | Killed Nikola
 27170 | Spider:1 | Noticed Rupert
 27207 | Spider:1 | Killed Rupert
 27441 | Spider:1 | Noticed an emperor scorpion
 27466 | Spider:1 | Killed an emperor scorpion
 27510 | Spider:1 | Noticed an emperor scorpion
 27529 | Spider:1 | Killed an emperor scorpion
 27661 | Spider:2 | Reached skill level 14 in Fighting
 27744 | Spider:1 | Acquired a +4 broad axe of freezing
 27874 | Spider:1 | Noticed avis's ghost (journeyman FeSu)
 27881 | Spider:1 | Found a runed translucent door.
 27985 | Spider:1 | Killed avis's ghost
 28060 | Spider:1 | Reached skill level 15 in Invocations
 28452 | Spider:2 | Reached XP level 16. HP: 133/133 MP: 27/27
 28733 | Spider:3 | Reached skill level 15 in Axes
 29148 | Spider:2 | Reached skill level 10 in Armour
 29733 | Spider:4 | Entered Level 4 of the Spider Nest
 31020 | Spider:4 | Reached skill level 15 in Fighting
 31722 | Spider:4 | Reached XP level 17. HP: 142/142 MP: 1/28
 31828 | Spider:4 | Got a gossamer rune of Zot
 32294 | Shoals:1 | Entered Level 1 of the Shoals
 33124 | Shoals:2 | Noticed Ilsuiw
 33175 | Shoals:1 | Killed Ilsuiw
 33715 | Shoals:2 | Reached skill level 16 in Fighting
 33974 | Shoals:2 | Noticed a kraken
 33982 | Shoals:2 | Killed a kraken
 34005 | Shoals:2 | Noticed a kraken
 34016 | Shoals:2 | Killed a kraken
 34561 | Shoals:2 | Identified the +6 chain mail "Neilleq" {Str+3}
 34904 | Shoals:3 | Noticed a kraken
 34912 | Shoals:3 | Killed a kraken
 34970 | Shoals:3 | Noticed a kraken
 34976 | Shoals:3 | Killed a kraken
 35064 | Shoals:3 | Noticed Aizul
 35077 | Shoals:3 | Killed Aizul
 35078 | Shoals:3 | Reached XP level 18. HP: 95/153 MP: 17/29
 35257 | Shoals:4 | Entered Level 4 of the Shoals
 35972 | Shoals:3 | Reached skill level 15 in Shields
 36008 | Shoals:3 | Paralysed by a sphinx for 5 turns
 36633 | Shoals:4 | Reached skill level 17 in Fighting
 37147 | Shoals:4 | Noticed Polyphemus
 37163 | Shoals:4 | Killed Polyphemus
 37482 | Shoals:4 | Got a barnacled rune of Zot
 38173 | D:14     | Acquired the ring of Propriety {rElec MP+9 EV+5}
 38225 | D:15     | Entered Level 15 of the Dungeon
 38266 | D:14     | Found a gate to the Vaults.
 38891 | D:14     | Noticed Louise
 38907 | D:14     | Killed Louise
 39352 | D:15     | Reached XP level 19. HP: 162/162 MP: 30/30
 39353 | D:15     | Noticed Kirke
 39366 | D:15     | Killed Kirke
 39473 | D:15     | Found a staircase to the Depths.
 39800 | D:15     | Found a portal to a secret trove of treasure.
 40072 | Vaults:1 | Entered Level 1 of the Vaults
 40173 | Vaults:1 | Found Vomiv's Antique Weapon Shop.
 40298 | Vaults:1 | Reached skill level 18 in Fighting
 42466 | Vaults:2 | Reached skill level 19 in Fighting
 42669 | Vaults:3 | Reached XP level 20. HP: 174/174 MP: 31/31
 42752 | Vaults:2 | Reached skill level 1 in Evocations
 43092 | Vaults:2 | Found Tutol's Jewellery Boutique.
 43099 | Vaults:2 | Bought a +4 ring of slaying for 1014 gold pieces
 43099 | Vaults:2 | Bought the ring "Osow" {rPois rN+ SInv} for 395 gold pieces
 43099 | Vaults:2 | Bought a granite talisman for 1040 gold pieces
 43930 | Abyss:2  | Cast into level 2 of the Abyss (a wizard)
 44138 | Abyss:2  | Paralysed by accursed screaming for 1 turns
 44142 | Abyss:2  | Reached skill level 1 in Shapeshifting
 44184 | Vaults:3 | Escaped the Abyss
 44371 | Vaults:3 | Found Kusext's Distillery.
 44376 | Vaults:3 | Bought a potion of berserk rage for 65 gold pieces
 44376 | Vaults:3 | Bought 2 potions of heal wounds for 130 gold pieces
 44376 | Vaults:3 | Bought a potion of mutation for 104 gold pieces
 44376 | Vaults:3 | Bought a potion of mutation for 104 gold pieces
 44524 | Vaults:3 | Reached skill level 20 in Fighting
 44611 | Vaults:3 | Found a staircase to the Crypt.
 45851 | Vaults:5 | Entered Level 5 of the Vaults
 47023 | Vaults:5 | Noticed an ancient lich
 47032 | Vaults:4 | Reached skill level 21 in Fighting
 47032 | Vaults:4 | Reached XP level 21. HP: 84/186 MP: 16/32
 47232 | Vaults:4 | Killed an ancient lich
 47463 | Vaults:5 | Paralysed by a sphinx for 3 turns
 47472 | Vaults:5 | Paralysed by a sphinx for 4 turns
 47485 | Vaults:4 | Reached skill level 22 in Fighting
 47590 | Vaults:5 | Paralysed by a sphinx for 3 turns
 47922 | Vaults:5 | Identified the ring "Zosawoqi" {rF+ rN++ AC+4 Int-2}
 47958 | Vaults:5 | HP: 2/185 [tengu reaver/bolt of acid (14)]
 48312 | Vaults:5 | Noticed a golden dragon
 48427 | Vaults:4 | Reached skill level 5 in Shapeshifting
 48458 | Vaults:4 | Killed a golden dragon
 48528 | Vaults:5 | Reached skill level 23 in Fighting
 48881 | Vaults:5 | Got a silver rune of Zot
 49487 | Vaults:5 | Noticed a golden dragon
 49503 | Vaults:5 | Killed a golden dragon
 49743 | Vaults:5 | Found Wiam's Distillery.
 49743 | Vaults:5 | Found Ilessoru's Distillery.
 49763 | Vaults:5 | Bought a potion of heal wounds for 60 gold pieces
 49763 | Vaults:5 | Bought a potion of curing for 36 gold pieces
 49763 | Vaults:5 | Bought a potion of curing for 36 gold pieces
 49763 | Vaults:5 | Bought a potion of invisibility for 96 gold pieces
 49763 | Vaults:5 | Bought a potion of curing for 36 gold pieces
 49763 | Vaults:5 | Bought a potion of cancellation for 96 gold pieces
 49770 | Vaults:5 | Bought a potion of heal wounds for 105 gold pieces
 49770 | Vaults:5 | Bought 2 potions of heal wounds for 210 gold pieces
 49770 | Vaults:5 | Bought a potion of berserk rage for 105 gold pieces
 49770 | Vaults:5 | Bought a potion of heal wounds for 105 gold pieces
 49824 | Vaults:5 | Found Raott's Distillery.
 49836 | Vaults:5 | Found Xaxt's Magic Scroll Boutique.
 49874 | Vaults:5 | Found Akumarat's Distillery.
 49878 | Vaults:5 | Bought a potion of heal wounds for 85 gold pieces
 49878 | Vaults:5 | Bought 2 potions of heal wounds for 170 gold pieces
 49953 | Vaults:5 | Got the Verses on Turbulence
 50178 | Vaults:5 | Identified the +4 sling "Naidyicw" {freeze, Fragile Str+5}
 50679 | Elf:1    | Entered Level 1 of the Elven Halls
 50775 | Elf:2    | Gained mutation: When low on magic, you restore magic in
                  | place of health. [demonic ancestry]
 50775 | Elf:2    | Reached XP level 22. HP: 195/201 MP: 31/33
 50825 | Elf:2    | Found a runed translucent gate.
 50825 | Elf:2    | Found a runed translucent gate.
 50842 | Elf:2    | Found a runed translucent gate.
 50902 | Elf:2    | Found Pefops's Magic Scroll Emporium.
 51029 | Elf:2    | Found Yrghiu Gepi's Armour Shoppe.
 51035 | Elf:2    | Found Keniq's Distillery.
 51060 | Elf:2    | Found a frozen archway.
 51067 | IceCv    | Entered an ice cave
 52331 | Elf:1    | Paralysed by an air elemental for 1 turns
 52367 | Elf:1    | Identified the ring "Luompiw" {rPois rF+ MP+9}
 52387 | Elf:1    | Paralysed by an air elemental for 1 turns
 52392 | Elf:1    | Paralysed by an air elemental for 1 turns
 52462 | Elf:1    | Paralysed by an air elemental for 1 turns
 52901 | Elf:1    | Found Afror's Book Boutique.
 53115 | Elf:2    | Bought a potion of heal wounds for 65 gold pieces
 53115 | Elf:2    | Bought a potion of heal wounds for 65 gold pieces
 53327 | Elf:2    | Bought a scroll of butterflies for 44 gold pieces
 53327 | Elf:2    | Bought 3 scrolls of brand weapon for 313 gold pieces
 54075 | Elf:3    | Entered Level 3 of the Elven Halls
 54234 | Elf:3    | Paralysed by an air elemental for 1 turns
 54537 | Elf:2    | Reached skill level 10 in Shapeshifting
 54767 | Abyss:2  | Cast into level 2 of the Abyss (a deep elf demonologist)
 54786 | Abyss:2  | Found a shimmering altar of Xom.
 54799 | Abyss:2  | Found a shimmering altar of Xom.
 54799 | Abyss:2  | Found a shimmering altar of Xom.
 54802 | Abyss:2  | Gained mutation: Your magical capacity is low. (-10% MP) [a
                  | neqoxec]
 54852 | Abyss:2  | Reached XP level 23. HP: 207/207 MP: 32/32
 55087 | Abyss:2  | Noticed a dread lich
 55107 | Abyss:2  | Killed a dread lich
 55115 | Elf:3    | Escaped the Abyss
 55458 | Elf:3    | Identified the ring "Xafaoh" {Wiz rPois rF- rC+ Int+3}
 55507 | Elf:3    | Found the +6 lightning scales {swift, rElec}
 55518 | Elf:3    | Got the Textbook on the Salamander
 55536 | Elf:3    | Identified the +12 hand crossbow "Simnuc Kote" {elec,
                  | rElec}
 55540 | Elf:3    | Identified the +8 arbalest of Ezxi {heavy, rElec Int+6
                  | Dex-5}
 55550 | Elf:3    | Identified the staff "Xedwuacs" {Fly rPois Conj}
 56149 | Elf:3    | Got the Excursus on Flaming Graupel
 56418 | Elf:3    | Identified the ring of the Hecatoncheires {Wiz rElec Int+2}
 56418 | Elf:3    | Found the +3 hat of Pondering {ponderous, Will+ MP+10
                  | Int+5}
 56443 | Elf:3    | Identified the ring of Meimid {rCorr Str+2 Int+5 SInv}
 56862 | Depths:1 | Entered Level 1 of the Depths
 57117 | Depths:1 | Found a shimmering altar of Xom.
 57126 | Depths:1 | Found a shimmering altar of Xom.
 57127 | Depths:1 | Found a shimmering altar of Xom.
 57163 | Depths:1 | Learned a level 2 spell: Wereblood
 57182 | Depths:1 | Found a gateway to Hell.
 57258 | Depths:1 | You fall into a shaft and drop 1 floor!
 57278 | Depths:2 | HP: 7/194 [tengu warrior/+2 great mace of protection[a
                  | glowing orange brain] (9)]
 57478 | Depths:1 | Found the +3 pair of gauntlets of War {Slay+5}
 57892 | Depths:2 | Noticed Saint Roka
 57892 | Depths:2 | Found a one-way gate leading to the halls of Pandemonium.
 58237 | Depths:2 | Killed Saint Roka
 58477 | Depths:2 | Found a one-way gate to the infinite horrors of the Abyss.
 58489 | Depths:2 | Found a shimmering blue altar of Sif Muna.
 58505 | Depths:2 | Found a one-way gateway to a ziggurat.
 58609 | Depths:2 | Reached skill level 15 in Shapeshifting
 58971 | Depths:4 | Entered Level 4 of the Depths
 59207 | Depths:3 | Noticed Grunn
 59429 | Depths:3 | Reached XP level 24. HP: 201/202 MP: 32/32
 59612 | Depths:3 | Killed Grunn
 61578 | Depths:4 | Reached skill level 24 in Fighting
 61828 | Depths:4 | Found a gate to the Realm of Zot.
 61829 | Depths:4 | Found a stormy altar of Qazlal.
 61852 | Depths:4 | Identified the +8 chain mail "Laxtiad" {rC++ Str-3 Dex+3}
 62180 | Depths:4 | Identified the +6 chain mail of Duty {Dex+9}
 62523 | Depths:2 | Voluntarily entered the Abyss.
 62616 | Abyss:2  | Reached skill level 5 in Evocations
 62991 | Depths:2 | Escaped the Abyss
 63280 | Vaults:5 | Bought 2 potions of mutation for 384 gold pieces
 63294 | Vaults:5 | Bought a potion of mutation for 136 gold pieces
 63619 | Elf:2    | Bought 2 potions of mutation for 208 gold pieces
 63619 | Elf:2    | Bought a potion of invisibility for 104 gold pieces
 63881 | Slime:1  | Entered Level 1 of the Pits of Slime
 64376 | Slime:2  | Gained mutation: Your melee attacks may debilitate your
                  | foes. [demonic ancestry]
 64376 | Slime:2  | Reached XP level 25. HP: 167/225 MP: 26/32
 65406 | Slime:3  | Gained mutation: You are dopey. (Int -2) [a shining eye]
 65662 | Slime:3  | Gained mutation: Your body sometimes deteriorates upon
                  | taking damage. [a shining eye]
 65691 | Slime:3  | Gained mutation: You are vulnerable to heat. (rF-) [a
                  | shining eye]
 65698 | Slime:3  | Paralysed by a great orb of eyes for 2 turns
 66433 | Slime:3  | Lost mutation: Your body sometimes deteriorates upon taking
                  | damage. [potion of mutation]
 66433 | Slime:3  | Lost mutation: You are dopey. (Int -2) [potion of mutation]
 66433 | Slime:3  | Lost mutation: You are vulnerable to heat. (rF-) [potion of
                  | mutation]
 66433 | Slime:3  | Gained mutation: You are clumsy. (Dex -2) [potion of
                  | mutation]
 66433 | Slime:3  | Gained mutation: You are robust. (+10% HP) [potion of
                  | mutation]
 66456 | Slime:4  | Lost mutation: You are robust. (+10% HP) [a shining eye]
 66494 | Slime:4  | Gained mutation: You occasionally shout uncontrollably at
                  | your foes. [a shining eye]
 66610 | Slime:5  | Entered Level 5 of the Pits of Slime
 66638 | Slime:5  | Noticed the Royal Jelly
 67135 | Slime:5  | Killed the Royal Jelly
 67405 | Slime:5  | Paralysed by a great orb of eyes for 3 turns
 67419 | Slime:5  | Paralysed by a floating eye for 3 turns
 67663 | Slime:5  | Identified the +12 dagger of Raun {venom, Will+++ rCorr
                  | Str-2 Int+5}
 67670 | Slime:5  | Got a slimy rune of Zot
 67699 | Slime:5  | Identified the +3 plate armour of Ravioli {Str+6}
 67707 | Slime:5  | Identified the staff of the Exiled Demons {rPois rN++ Will-
                  | Str+2 Poison}
 68329 | D:15     | You paid a toll of a +6 demon trident to enter a treasure
                  | trove
 68330 | Trove    | Entered a treasure trove
 68364 | Trove    | Got Jeurio's Compendium of Stony Death
 68366 | Trove    | Got Sif Muna's Elucidation of Grim Destruction
 68368 | Trove    | Got Sif Muna's Excursus on Trauma
 68377 | Trove    | Identified the amulet of Rinneesch {+Blink Regen+}
 68794 | Depths:2 | Voluntarily entered the Abyss.
 68850 | Abyss:2  | Found a corrupted altar of Lugonu.
 68851 | Abyss:2  | Found a corrupted altar of Lugonu.
 69190 | Abyss:3  | Paralysed by accursed screaming for 1 turns
 69295 | Depths:2 | Escaped the Abyss
 69439 | Depths:2 | Voluntarily entered the Abyss.
 69492 | Abyss:3  | Reached skill level 25 in Fighting
 69635 | Abyss:3  | Found a corrupted altar of Lugonu.
 69673 | Depths:2 | Escaped the Abyss
 69761 | Depths:2 | Voluntarily entered the Abyss.
 70018 | Abyss:3  | Found a corrupted altar of Lugonu.
 70187 | Abyss:3  | Gained mutation: A powerful demonic guardian rushes to your
                  | aid. [demonic ancestry]
 70187 | Abyss:3  | Reached XP level 26. HP: 156/235 MP: 27/33
 70261 | Depths:2 | Escaped the Abyss
 70436 | Depths:2 | Voluntarily entered the Abyss.
 70455 | Abyss:3  | Noticed a dread lich
 70458 | Abyss:3  | Paralysed by accursed screaming for 1 turns
 70481 | Abyss:3  | Killed a dread lich
 70611 | Abyss:4  | Found a corrupted altar of Lugonu.
 70634 | Abyss:4  | Found a corrupted altar of Lugonu.
 70658 | Abyss:4  | Gained mutation: Armour fits poorly on your strangely
                  | shaped body. [a neqoxec]
 70676 | Abyss:4  | Found a corrupted altar of Lugonu.
 70814 | Abyss:4  | Found a corrupted altar of Lugonu.
 70826 | Depths:2 | Escaped the Abyss
 71025 | Hell     | Entered the Vestibule of Hell
 71025 | Hell     | Noticed Geryon
 71229 | Hell     | Noticed Murray
 71435 | Depths:2 | Killed Murray
 71673 | Hell     | Gained mutation: Your body sometimes deteriorates upon
                  | taking damage. [a cacodemon]
 71838 | Hell     | Killed Geryon
 71842 | Hell     | Reached skill level 10 in Evocations
 71918 | Hell     | Found a gateway to the ashen valley of Gehenna.
 72027 | Hell     | Found a gateway to the freezing wastes of Cocytus.
 72106 | Hell     | Found a gateway to the decaying netherworld of Tartarus.
 72197 | Hell     | Found a gateway to the Iron City of Dis.
 72277 | Geh:1    | Entered Level 1 of Gehenna
 72295 | Hell     | Lost mutation: You occasionally shout uncontrollably at
                  | your foes. [potion of mutation]
 72295 | Hell     | Lost mutation: Your magical capacity is low. (-10% MP)
                  | [potion of mutation]
 72295 | Hell     | Gained mutation: You have very sharp teeth. [potion of
                  | mutation]
 72768 | Geh:2    | Noticed a juggernaut
 72838 | Hell     | Killed a juggernaut
 72915 | Geh:2    | Noticed a juggernaut
 73039 | Hell     | Killed a juggernaut
 73223 | Geh:2    | Reached skill level 26 in Fighting
 73225 | Hell     | HP: 6/203 [iron giant/+0 giant spiked club (49)]
 73750 | Geh:2    | Lost mutation: You have very sharp teeth. [potion of
                  | mutation]
 73750 | Geh:2    | Lost mutation: Armour fits poorly on your strangely shaped
                  | body. [potion of mutation]
 73750 | Geh:2    | Gained mutation: You are robust. (+10% HP) [potion of
                  | mutation]
 73763 | Geh:2    | Lost mutation: Your body sometimes deteriorates upon taking
                  | damage. [potion of mutation]
 73763 | Geh:2    | Lost mutation: You are robust. (+10% HP) [potion of
                  | mutation]
 73763 | Geh:2    | Gained mutation: Your mind is acute. (Int +4, Str/Dex -1)
                  | [potion of mutation]
 73763 | Geh:2    | Gained mutation: You occasionally lose the ability to read
                  | scrolls when taking damage. [potion of mutation]
 73763 | Geh:2    | Gained mutation: Your muscles are strong. (Str +4, Int/Dex
                  | -1) [potion of mutation]
 73763 | Geh:2    | Gained mutation: You have a somewhat thin skeletal
                  | structure. (Dex +2, Stealth+) [potion of mutation]
 73764 | Geh:2    | Lost mutation: You have a somewhat thin skeletal structure.
                  | (Dex +2, Stealth+) [potion of mutation]
 73764 | Geh:2    | Lost mutation: Your mind is acute. (Int +4, Str/Dex -1)
                  | [potion of mutation]
 73764 | Geh:2    | Lost mutation: You are clumsy. (Dex -2) [potion of
                  | mutation]
 73764 | Geh:2    | Lost mutation: Your muscles are strong. (Str +4, Int/Dex
                  | -1) [potion of mutation]
 73764 | Geh:2    | Gained mutation: You passively map a small area around you.
                  | [potion of mutation]
 73764 | Geh:2    | Gained mutation: You are robust. (+10% HP) [potion of
                  | mutation]
 73765 | Geh:2    | Lost mutation: You occasionally lose the ability to read
                  | scrolls when taking damage. [potion of mutation]
 73765 | Geh:2    | Lost mutation: You are robust. (+10% HP) [potion of
                  | mutation]
 73765 | Geh:2    | Lost mutation: You passively map a small area around you.
                  | [potion of mutation]
 73765 | Geh:2    | Gained mutation: You occasionally lose the ability to drink
                  | potions when taking damage. [potion of mutation]
 73765 | Geh:2    | Gained mutation: You expend magic power (3 MP) to
                  | strengthen your wands. [potion of mutation]
 73765 | Geh:2    | Gained mutation: Your flesh is cold resistant. (rC+)
                  | [potion of mutation]
 73766 | Geh:2    | Lost mutation: Your flesh is cold resistant. (rC+) [potion
                  | of mutation]
 73766 | Geh:2    | Lost mutation: You expend magic power (3 MP) to strengthen
                  | your wands. [potion of mutation]
 73766 | Geh:2    | Lost mutation: You occasionally lose the ability to drink
                  | potions when taking damage. [potion of mutation]
 73766 | Geh:2    | Gained mutation: You are somewhat resistant to further
                  | mutation. [potion of mutation]
 73802 | Geh:3    | Gained mutation: You are surrounded by an aura of silence.
                  | [demonic ancestry]
 73802 | Geh:3    | Reached XP level 27. HP: 131/218 MP: 29/37
 75582 | Depths:3 | Voluntarily entered the Abyss.
 75947 | Depths:3 | Escaped the Abyss
 76073 | Depths:3 | Voluntarily entered the Abyss.
 76081 | Abyss:4  | Found a corrupted altar of Lugonu.
 76096 | Abyss:4  | Found a sacrificial altar of Ru.
 76113 | Abyss:4  | Reached skill level 15 in Armour
 76150 | Abyss:4  | Found a sacrificial altar of Ru.
 76205 | Abyss:4  | Found a corrupted altar of Lugonu.
 76221 | Depths:3 | Escaped the Abyss
 76315 | Depths:3 | Voluntarily entered the Abyss.
 76320 | Abyss:4  | Found a corrupted altar of Lugonu.
 76581 | Depths:3 | Escaped the Abyss
 76813 | Zot:1    | Entered Level 1 of the Realm of Zot
 77492 | Zot:1    | Noticed an orb of fire
 77494 | Zot:1    | Gained mutation: Your body sometimes deteriorates upon
                  | taking damage. [an orb of fire]
 77496 | Zot:1    | Gained mutation: You are occasionally teleported next to
                  | monsters. [an orb of fire]
 77508 | Zot:1    | Killed an orb of fire
 77509 | Zot:1    | Lost mutation: Your body sometimes deteriorates upon taking
                  | damage. [potion of mutation]
 77509 | Zot:1    | Lost mutation: You are occasionally teleported next to
                  | monsters. [potion of mutation]
 77509 | Zot:1    | Lost mutation: You are somewhat resistant to further
                  | mutation. [potion of mutation]
 77509 | Zot:1    | Gained mutation: You are frail. (-10% HP) [potion of
                  | mutation]
 77509 | Zot:1    | Gained mutation: You have sharp toenails. [potion of
                  | mutation]
 78155 | Zot:2    | Gained mutation: You are very frail. (-20% HP) [mutagenic
                  | glow]
 78173 | Zot:2    | Gained mutation: You sometimes lose your temper in combat.
                  | [mutagenic glow]
 78200 | Zot:1    | Gained mutation: You are vulnerable to cold. (rC-)
                  | [mutagenic glow]
 78313 | Zot:1    | Killed from afar by a black draconian knight

Illustrated notes

Levels and vault maps discovered:
D:1:      minmay_arrival_three_doors, layout_loops_ring,
          shapermc_ecumenical_altar_totnotflames
D:2:      minmay_chambers_of_ones, layout_loops_ring, basic_altar
D:3:      minmay_bubble_buster, layout_loops_cross,
          nicolae_gozag_cash_rules_everything_around_me, serial_shops,
          nicolae_shop_crystal
D:4:      layout_basic, lemuel_temple_firewalk_b, cheibrodos_sewer_entry_drain
D:5:      layout_basic, tso_metal_star, enter_ossuary_3
D:6:      layout_basic, mainiacjoe_overflow_small_starburst,
          mainiacjoe_overflow_divided_tiny, uniq_grinder, uniq_blork_the_orc,
          uniq_edmund
D:7:      layout_basic, serial_shops, nicolae_shop_tiny_real_fake_doors
D:8:      layout_basic, mainiacjoe_overflow_alcove_1, evilmike_ruin_ashenzari
D:9:      layout_layer_cave, nicolae_overflow_hidden_temple,
          nzn_hepliaklqana_mist_gate, hangedman_decor_growths,
          amcnicky_mini_pool_small, minivault_14
D:10:     layout_stronghold, nicolae_overflow_crystal_walls,
          mainiacjoe_overflow_catwalk, mainiacjoe_overflow_alcove_4,
          orc_david_3, minivault_16, chequers_arboretum,
          lightli_elemental_guards, uniq_erica
D:11:     layout_loops_ring, dpeg_oklobed_lair, slow_altar_2
D:12:     layout_basic
D:13:     layout_basic, dk_noncrumbling_3, uniq_azrael
D:14:     minmay_imperfect_grid, layout_basic, hellmonk_vaults_keyhole,
          uniq_louise
D:15:     gammafunk_enter_depths_forms, layout_cave_pools,
          nicolae_trove_entry_columns, uniq_kirke
Temple:   hellmonk_temple_micro_hex
Lair:1:   lemuel_ratsnest, layout_regular_city, lemuel_oklob_altar
Lair:2:   layout_cave_shapes, nicolae_spider_entry_lesser_pyramids,
          beast_lair_carwin_11, serial_bayou_shore_b, uniq_fannar
Lair:3:   layout_misc_corridors, elwin_shoals_entry_stream,
          nicolae_volcano_entry_lava_flow, special_room [special_room_bee],
          infiniplex_staircase_pool_2, lemuel_fruit_tree
Lair:4:   layout_cave_pods, st_stairs_6
Lair:5:   hangedman_lair_caniforms_friends, layout_misc_corridors,
          slime_entry_2, chequers_serial_rivers_small_b
Shoals:1: layout_shoals, serial_shops, shop
Shoals:2: layout_shoals, uniq_ilsuiw
Shoals:3: layout_shoals, nicolae_shoals_arrival_archipelago, uniq_aizul
Shoals:4: shoals_end_hellmonk_lost_city, uniq_polyphemus
Spider:1: layout_spider_delve, hellmonk_ghost_happy_afterlife, drop_trap,
          uniq_nikola, uniq_rupert
Spider:2: layout_spider_delve
Spider:3: layout_spider_delve
Spider:4: guppyfry_spider_rune, hangedman_spider_tarantella_strand
Slime:1:  layout_caves
Slime:2:  nicolae_slime_spelunking
Slime:3:  layout_caves, special_room [special_room_jelly]
Slime:4:  layout_caves, nicolae_slime_getting_an_eyeful
Slime:5:  slime_pit
Orc:1:    layout_caves, serial_shops, shop, basic_altar, minmay_orc_temple_a,
          uniq_maurice
Orc:2:    st_orc_open, layout_diamond_mine, statue_in_the_mist_lemuel,
          hellmonk_guarded_unrand_dark_maul, uniq_josephine
Elf:1:    minmay_the_grid_square_5x5_4x4 [minmay_the_grid_square_5x5_slash,
          minmay_the_grid_square_5x5_two_walls_a,
          minmay_the_grid_square_5x5_shrine2,
          minmay_the_grid_square_5x5_eight_small,
          minmay_the_grid_square_5x5_six_small,
          minmay_the_grid_square_5x5_prize_snowflake,
          minmay_the_grid_square_5x5_prize_open,
          minmay_the_grid_square_5x5_tri_point,
          minmay_the_grid_square_5x5_dogpile,
          minmay_the_grid_square_5x5_prize_itemx,
          minmay_the_grid_square_5x5_prize_rear_guard,
          minmay_the_grid_square_5x5_bite, minmay_the_grid_square_5x5_two_small,
          minmay_the_grid_square_5x5_plus, minmay_the_grid_square_5x5_shrine1,
          minmay_the_grid_square_5x5_three], layout_geoelf_octagon,
          serial_shops, shop, minmay_elf_demonology
Elf:2:    nicolae_elf_blades_crystal_corner, layout_loops_cross, serial_shops,
          nicolae_shop_industrial_runoff, shop, shop,
          portal_ice_cave_entry_pillars_three
Elf:3:    minmay_elf_hall_four_x, layout_geoelf_castle,
          kilobyte_mutagenic_chamber
Vaults:1: grunt_vaults_funnel, nicolae_vaults_tangram_1,
          nicolae_vaults_puzzle_piece, hangedman_vaults_slice, st_hourglassy,
          nicolae_vaults_network_s, nicolae_vaults_double_plus_3,
          nicolae_vaults_house_2, vaults_room_pool,
          nicolae_vaults_little_squares_5, nicolae_vaults_tangram_2,
          nicolae_vaults_trapezoid_lopsided_1, layout_vaults_chaotic_city,
          serial_shops, nicolae_shop_waterfront
Vaults:2: vaults_dpeg_hooks, vaults_mumra_hex, nicolae_vaults_closet_pinwheel_2,
          nicolae_vaults_angled_halls, vaults_room_grid,
          nicolae_vaults_network_square, nicolae_vaults_tangram_2,
          nicolae_vaults_closet_pinwheel_4, nicolae_vaults_an_arrangement,
          layout_vaults_omnigrid, serial_shops, shop
Vaults:3: nicolae_vaults_storage_room_statues, vaults_mumra_chevron_long,
          minmay_crypt_entry_simple_round, nicolae_vaults_house_3,
          vaults_standard_mumra_lines, nicolae_vaults_back_hallway,
          nicolae_vaults_shrinking_rooms_1, v_pattern_4,
          nicolae_vaults_surprise_closet_hard, v_misc_15,
          nicolae_vaults_tetromino_T_1, nicolae_vaults_circle_grid_a,
          vaults_room_pools, layout_vaults_omnibox, serial_shops, shop
Vaults:4: vaults_dpeg_cross, v_misc_14, nicolae_vaults_steering_wheel,
          v_pattern_3, nicolae_vaults_octothorpe,
          nicolae_vaults_ring_of_whatevers, ontoclasm_vaults_spin,
          hangedman_vaults_corner, nicolae_vaults_trapezoid_2, vaults_dpeg_ring,
          layout_vaults_omnicross
Vaults:5: serial_shops
Depths:1: layout_cave_shapes, hangedman_tar_grid_catacomb,
          hangedman_glass_teeth, xom_redecorated
Depths:2: minmay_distorted_concentric_squares, layout_gridville,
          enter_ziggurat_f, led_sif_pool, pan_entry, abyss_entry,
          grunt_hell_entry_demonic_statue, kennysheep_generic_room_15,
          uniq_saint_roka
Depths:3: cell_vault, layout_cave_pools, minmay_staircase_windowed_large,
          pan_entry, pf_vacation_house_of_asmodeus, abyss_entry,
          grunt_megastairs_1, uniq_grunn
Depths:4: regret_index_qazlal_generations, layout_gridlike, abyss_entry,
          elyvilon_altar_5, pf_coc_iceberg, hangedman_decor_clover_reticule
Hell
Geh:1:    layout_gehenna_pools_basic
Geh:2:    nicolae_hells_titanomachy
Geh:3:    layout_gehenna_pools_box
Geh:4:    layout_gehenna_lava_caves
Geh:5:    layout_gehenna_lava_caves
Zot:1:    layout_onion_interference, st_stairs_5, grunt_megastairs_5
Zot:2:    ebering_klown_carousel, layout_gridlike

Skill      XL: |  1  2  3  4  5  6  7  8  9 10 11 12 13 14 15 16 17 18 19 20 21 22 23 24 25 26 27 |
---------------+----------------------------------------------------------------------------------+-----
Shields        | 3 4 5 6 7 8 9 11 12 13 14 15 16 17 19 20 21 22 | 22.5
Axes           | 2 3 4 5 7 8 9 10 12 13 14 15 17 18 | 18.5
Armour         | 3 4 5 6 7 8 9 10 11 12 13 14 15 | 15.3
Dodging        | 1 2 3 4 |  4.6
Fighting       | 4 5 7 8 9 10 11 13 14 15 16 17 19 21 23 24 25 26 | 26.7
Throwing       | 1 |  1.5
Invocations    | 5 6 8 10 12 13 15 18 19 20 21 22 | 22.9
Long Blades    | 1 |  1.3
Evocations     | 1 2 6 8 10 12 | 12.3
Shapeshifting  | 3 5 11 15 | 15.6
Stealth        | |  0.6

Action                     |  1- 3 |  4- 6 |  7- 9 | 10-12 | 13-15 | 16-18 | 19-21 | 22-24 | 25-27 || total
---------------------------+-------+-------+-------+-------+-------+-------+-------+-------+-------++-------
  Melee: War axe           |   143 |   323 |   444 |   688 |  1365 |       |       |       |       ||  2963
         Scimitar          |       |       |       |       |    17 |       |       |       |       ||    17
         Broad axe         |       |       |       |       |    53 |  1327 |  1229 |  1713 |  1942 ||  6264
         Hand axe          |       |       |       |       |       |     6 |       |       |       ||     6
         Bite              |       |       |       |       |       |       |       |       |    34 ||    34
  Throw: Stone             |       |     2 |       |       |       |       |       |       |       ||     2
         Dart              |       |     2 |    23 |    22 |     5 |       |       |       |       ||    52
         Javelin           |       |       |     5 |       |       |       |       |       |       ||     5
         Boomerang         |       |       |     2 |     5 |     2 |     8 |       |       |       ||    17
 Invoke: Upheaval          |       |       |       |     8 |    17 |    18 |    10 |    19 |    34 ||   106
         Elemental Force   |       |       |       |       |    10 |    12 |     4 |    13 |    14 ||    53
         Disaster Area     |       |       |       |       |       |       |     1 |       |     3 ||     4
Ability: Evoke Blink       |       |       |       |       |       |       |       |       |     1 ||     1
  Evoke: Wand              |       |       |       |     4 |     3 |     1 |       |       |     1 ||     9
         Lightning rod     |       |       |       |       |       |       |     3 |     6 |     1 ||    10
         Tin of tremorston |       |       |       |       |       |       |       |     4 |     4 ||     8
         Phantom mirror    |       |       |       |       |       |       |       |     1 |     1 ||     2
         Horn of Geryon    |       |       |       |       |       |       |       |       |     2 ||     2
    Use: Scroll            |     3 |    10 |     8 |     4 |    12 |     5 |     5 |    13 |     9 ||    69
         Potion            |       |     6 |     5 |     5 |     5 |    11 |     5 |    14 |    21 ||    72
   Stab: Distracted        |       |       |     1 |     2 |     2 |     4 |     2 |     5 |     5 ||    21
         Paralysed         |       |       |       |       |     5 |    12 |     1 |    12 |     6 ||    36
         Invisible         |       |       |       |       |       |       |       |     3 |       ||     3
 Armour: Scale mail        |   135 |   100 |       |       |       |       |       |       |       ||   235
         Chain mail        |       |   109 |       |       |       |   388 |   392 |       |       ||   889
         Plate armour      |       |    66 |   459 |   540 |  1221 |   940 |   360 |   633 |       ||  4219
         Ice dragon scales |       |       |       |       |       |       |       |    60 |       ||    60
         Skin              |       |       |       |       |       |       |       |   117 |       ||   117
         Gold dragon scale |       |       |       |       |       |       |       |   367 |  1649 ||  2016
  Dodge: Dodged            |    90 |   134 |   114 |   124 |   328 |   515 |   266 |   298 |   281 ||  2150
         Repelled          |       |       |       |       |     4 |     5 |     9 |    26 |    17 ||    61
  Block: Buckler           |    32 |    87 |   202 |   129 |       |       |       |       |       ||   450
         Kite shield       |       |       |       |   608 |  1604 |  1828 |  1317 |  1976 |  2345 ||  9678
         Reflection        |       |       |       |    39 |     2 |    53 |    92 |    71 |    52 ||   309
         Form:             |       |       |       |       |       |       |       |     1 |       ||     1
         Statue            |       |       |       |       |       |       |       |     1 |       ||     1

Table legend: (Time is in decaauts)
 A = Elapsed time spent in this place.
 B = Non-inter-level travel time spent in this place.
 C = Inter-level travel time spent in this place.
 D = Time resting spent in this place.
 E = Time spent auto-exploring this place.
 F = Levels seen in this place.
 G = Mean time per level.
                   A        B        C        D        E       F      G
               +--------+--------+--------+--------+--------+-----+--------+
         Total |  77973 |  69650 |   8323 |  12215 |  26215 |  74 | 1053.7 |
       Dungeon |  22815 |  19152 |   3663 |   2985 |   9527 |  15 | 1521.0 |
        Temple |     11 |     11 |      0 |      0 |      0 |   1 |   11.0 |
          Lair |   6988 |   6090 |    898 |    526 |   2956 |   5 | 1397.6 |
        Shoals |   5334 |   5205 |    129 |   1494 |    726 |   4 | 1333.5 |
   Spider Nest |   5192 |   5074 |    118 |    881 |   1608 |   4 | 1298.0 |
    Slime Pits |   3686 |   3571 |    115 |    931 |   1035 |   5 |  737.2 |
  Orcish Mines |   1712 |   1390 |    322 |     25 |    693 |   2 |  856.0 |
   Elven Halls |   4249 |   3675 |    574 |     40 |   1480 |   3 | 1416.3 |
        Vaults |   9384 |   8105 |   1279 |   1465 |   3559 |   5 | 1876.8 |
        Depths |   7291 |   6540 |    751 |   1907 |   2020 |   4 | 1822.8 |
          Hell |   1682 |   1664 |     18 |    977 |    250 |   1 | 1682.0 |
       Gehenna |   2012 |   1614 |    398 |    332 |    433 |   5 |  402.4 |
           Zot |   1477 |   1424 |     53 |    155 |    878 |   2 |  738.5 |
         Abyss |   3163 |   3163 |      0 |    125 |     25 |  13 |  243.3 |
         Trove |    122 |    122 |      0 |      0 |     18 |   1 |  122.0 |
         Sewer |   1263 |   1263 |      0 |     97 |    696 |   1 | 1263.0 |
       Ossuary |    452 |    452 |      0 |    160 |      0 |   1 |  452.0 |
      Ice Cave |    731 |    731 |      0 |     22 |    279 |   1 |  731.0 |
       Volcano |    401 |    401 |      0 |     92 |     29 |   1 |  401.0 |
               +--------+--------+--------+--------+--------+-----+--------+

Top non-repeatable levels by time:
Vaults:4: 2836 daAuts
    D:11: 2560 daAuts
    D:14: 2524 daAuts
Depths:2: 2385 daAuts
    D:12: 2377 daAuts
    D:10: 2065 daAuts
Depths:3: 2044 daAuts
Shoals:3: 1949 daAuts
Vaults:1: 1939 daAuts
   Elf:3: 1817 daAuts
Vaults:2: 1816 daAuts
    Hell: 1682 daAuts
     D:9: 1681 daAuts
    D:13: 1649 daAuts
  Lair:2: 1603 daAuts
